 Dungeon Crawl Stone Soup version 0.31-a0-246-g8cbcc1cb85 (webtiles) character file.

Game seed: 738716143966373741

89 qw the Shooter (level 4, -1/26 HPs)
             Began as a Gargoyle Hexslinger on July 12, 2023.
             Slain by a goblin
             ... wielding a +0 dagger
             ... led by Robin
              (3 damage)
             ... on level 3 of the Dungeon.
             The game lasted 00:00:45 (1584 turns).

qw the Shooter (Gargoyle Hexslinger)                Turns: 1584, Time: 00:00:45

Health: -1/26      AC:  9    Str: 12    XL:     4   Next: 55%
Magic:  5/5        EV: 10    Int: 13    God:
Gold:   95         SH:  0    Dex: 14    Spells: 4/5 levels left

rFire   . . .        Y - +2 sling
rCold   + . .        (no shield)
rNeg    + . .        e - +0 ring mail
rPois   inf          h - +0 helmet
rElec   +            (no cloak)
rCorr   .            (no gloves)
SInv    .            (no boots)
Will    .....        (no amulet)
Stlth   +            d - ring of protection from cold
HPRegen 0.24/turn    (no ring)
MPRegen 0.09/turn

%: no passive effects
@: no status effects
A: sickness immunity, AC +3, negative energy resistance 1, electricity
resistance, torment resistance 1, petrification resistance
a: no special abilities


You were on level 3 of the Dungeon.
You visited 1 branch of the dungeon, and saw 3 of its levels.

You collected 95 gold pieces.


Innate Abilities, Weirdness & Mutations

You are immune to sickness and miasma.
Your stone body is resilient. (AC +3)
You are immune to poison.
You resist negative energy. (rN+)
You are resistant to electric shocks. (rElec)
You are resistant to unholy torment.
You are immune to petrification.


   Skills:
 - Level 2.0 Fighting
 + Level 4.1 Ranged Weapons
 - Level 1.0 Armour
 - Level 1.5 Dodging
 - Level 1.0 Spellcasting
 - Level 2.6 Hexes


You had 4 spell levels left.
You knew the following spells:

 Your Spells              Type           Power      Damage    Failure   Level
a - Slow                  Hex            28%        N/A       22%         1

Your spell library contained the following spells:

 Spells                   Type           Power      Damage    Failure   Level
 Inner Flame              Hex/Fire       4%         N/A       73%         3
 Portal Projectile        Hex/Tloc       8%         N/A       73%         3
 Cause Fear               Hex            3%         N/A       91%         4

Inventory:

Hand Weapons
 Y - a +2 sling (weapon)
Armour
 e - a +0 ring mail (worn)
 h - a +0 helmet (worn)
Jewellery
 d - a ring of protection from cold (left hand)
Scrolls
 b - 2 scrolls of identify
 f - a scroll of fear {unknown}
Potions
 a - a potion of haste
 c - a potion of might
 g - a potion of cancellation

Dungeon Overview and Level Annotations

Branches:
Dungeon (3/15)

Altars:
Gozag

Shops:
D:3 *


Message History

You shoot a sling bullet.
The sling bullet hits Robin but does no damage.
Robin is almost dead.
The goblin no longer looks unusually strong.
Robin roars a battlecry!
The goblin goes into a battle-frenzy!
The goblin hits you with a +0 club. The goblin hits you but does no damage.
You shoot a sling bullet. The sling bullet hits Robin!
You kill Robin!
The hobgoblin no longer looks unusually strong.
The goblin hits you with a +0 dagger. The goblin completely misses you.
You shoot a sling bullet. The sling bullet hits the goblin.
The goblin is moderately wounded.
The goblin hits you but does no damage. The goblin closely misses you.
The goblin hits you with a +0 club. The goblin barely misses you.
The goblin hits you with a +0 club. The goblin hits you but does no damage.
You shoot a sling bullet.
The sling bullet closely misses the goblin.
The goblin no longer looks unusually strong.
The goblin misses you. The goblin hits you but does no damage.
The goblin closely misses you.
You shoot a sling bullet. The sling bullet misses the goblin.
The hobgoblin no longer looks unusually strong.
The goblin barely misses you. x2; The goblin hits you but does no damage.
You shoot a sling bullet. The sling bullet misses the goblin.
The goblin hits you but does no damage. The goblin barely misses you.
The goblin hits you but does no damage. The goblin barely misses you.
The goblin misses you. The goblin hits you but does no damage.
You shoot a sling bullet. The sling bullet hits the goblin.
The goblin is severely wounded.
The goblin closely misses you. The goblin barely misses you.
The goblin hits you with a +0 club.
You shoot a sling bullet.
The sling bullet closely misses the goblin.
The goblin closely misses you. The goblin hits you but does no damage.
The goblin hits you with a +0 club.
You shoot a sling bullet. The sling bullet hits the goblin.
You kill the goblin!
The goblin misses you. The goblin hits you with a +0 dagger.
You die...

##.#...#.# #..# #.
#.......# #..# #.
..#...## #..# #.
.......#######..####.
##.).........>......
.....#############.
gg#.#######.......
#g#...............
##@#.#######.######
##g)..#######.#
#####.............#
..........#########
.####.....# ##...##
#####


You could see 2 hobgoblins and 2 goblins.

Vanquished Creatures
  Robin (D:3)
  2 adders
  2 dart slugs
  An orc (D:3)
  3 ball pythons
  2 bats
  An endoplasm (D:1)
  3 giant cockroaches
  8 goblins
  8 hobgoblins
  6 jackals
  4 kobolds
  2 quokkas
  3 frilled lizards
  4 rats
50 creatures vanquished.

Notes
Turn   | Place    | Note
-------+----------+-------------------------------------------
     0 | D:1      | qw the Gargoyle Hexslinger began the quest for the Orb.
     0 | D:1      | Reached XP level 1. HP: 12/12 MP: 2/2
     0 | D:1      | 0 ||| qw: Version: 0.3-a-52-g30416fa
     0 | D:1      | 0 ||| qw: Game counter: 6388
     0 | D:1      | 0 ||| qw: Melee chars always use a shield: true
     0 | D:1      | 0 ||| qw: God list: Okawaru
     0 | D:1      | 0 ||| qw: Allow faded altars: false
     0 | D:1      | 0 ||| qw: Do Orc after clearing Dungeon:15 true
     0 | D:1      | 0 ||| qw: Do second Lair branch before Depths: true
     0 | D:1      | 0 ||| qw: Lair rune preference: random
     0 | D:1      | 0 ||| qw: Goals: Normal
     0 | D:1      | 0 ||| PLANNING D:1-11
    85 | D:1      | You fall into a shaft and drop 1 floor!
   132 | D:2      | Reached XP level 2. HP: 15/16 MP: 3/3
   151 | D:2      | Reached skill level 3 in Ranged Weapons
   289 | D:2      | Reached XP level 3. HP: 21/21 MP: 4/4
   324 | D:2      | 324 ||| UPGRADING to +0 ring mail.
   334 | D:2      | 334 ||| DROPPING +0 robe.
   335 | D:2      | 335 ||| UPGRADING to +0 helmet.
   340 | D:2      | 340 ||| UPGRADING to ring of protection from cold.
   341 | D:2      | 341 ||| READING scroll labelled CETOACHUHOVO.
   342 | D:2      | 342 ||| READING scroll labelled VUFIPS LEANANT.
   343 | D:2      | 343 ||| DROPPING scroll of poison.
   387 | D:1      | 387 ||| READING scroll labelled CUETHE GEEXEA.
   462 | D:1      | Reached skill level 1 in Armour
   631 | D:1      | 631 ||| READING scroll labelled EMMENO UFFATUR.
   632 | D:1      | 632 ||| READING scroll labelled LUPPOI JUECEF.
   633 | D:1      | 633 ||| READING 2 scrolls of identify.
   633 | D:1      | 633 ||| IDENTIFYING sedimented dark potion
   667 | D:2      | 667 ||| STAIRDANCE
  1076 | D:2      | 1076 ||| READING 4 scrolls of identify.
  1076 | D:2      | 1076 ||| IDENTIFYING metallic golden potion
  1077 | D:2      | 1077 ||| READING 3 scrolls of identify.
  1077 | D:2      | 1077 ||| IDENTIFYING grey potion
  1122 | D:3      | Found Gozag's Platinum Reserve.
  1161 | D:3      | Identified the +8 dagger of Change {heavy, Fly rC+}
  1217 | D:3      | Noticed Robin
  1218 | D:3      | 1218 ||| Stepping ~*~*~tactically~*~*~ (outnumbered).
  1225 | D:3      | Reached XP level 4. HP: 16/26 MP: 5/5
  1228 | D:3      | HP: 4/26 [goblin/+0 dagger[Robin] (3)]
  1229 | D:3      | 1229 ||| READING scroll of teleportation.
  1351 | D:3      | Found an opulent altar of Gozag.
  1366 | D:3      | 1366 ||| SHOPLISTING +0 leather armour of Shadows and Fog
                  | {rElec rPois rN++} (3070 gold, have 95).
  1366 | D:3      | 1366 ||| SHOPLISTING amulet "Devviump" {Spirit +Blink Fly
                  | rN+ Dex-2} (4610 gold, have 95).
  1543 | D:3      | Reached skill level 4 in Ranged Weapons
  1577 | D:3      | Killed Robin
  1582 | D:3      | HP: 5/26 [goblin/+0 club[Robin] (6)]
  1583 | D:3      | HP: 2/26 [goblin/+0 club[Robin] (3)]
  1584 | D:3      | Slain by a goblin

Levels and vault maps discovered:
D:1:      giann_horns, layout_rooms
D:2:      layout_loops_cross
D:3:      layout_loops_ring, mainiacjoe_overflow_boulevard, lemuel_doored_altar,
          nicolae_gozag_zags_fifth_avenue, serial_bayou_pond_c, uniq_robin

Skill      XL: |  1  2  3  4 |
---------------+-------------+-----
Ranged Weapons | 3 4 |  4.1
Fighting       | 2 |  2.0
Armour         | 1 |  1.0
Dodging        | |  1.5
Spellcasting   | |  1.0
Hexes          | |  2.6

Action                     |  1- 3 |  4- 6 || total
---------------------------+-------+-------++-------
   Fire: Sling             |   130 |    56 ||   186
    Use: Scroll            |     8 |     1 ||     9
 Armour: Robe              |     1 |       ||     1
         Ring mail         |    72 |    41 ||   113
  Dodge: Dodged            |    89 |    57 ||   146

Table legend:
 A = Non-vault XP
 B = Vault XP
 C = Vault XP percentage of total XP
 D = Non-vault monster count
 E = Vault monster count
 F = Vault count percentage of total count
                 A         B        C        D         E       F
            +---------+---------+-------+---------+---------+-------
      Total |     101 |      29 |  22.3 |      42 |       8 |  16.0
            +---------+---------+-------+---------+---------+-------
        D:1 |      31 |       0 |   0.0 |      17 |       0 |   0.0
        D:2 |      41 |       0 |   0.0 |      16 |       0 |   0.0
        D:3 |      29 |      29 |  50.0 |       9 |       8 |  47.1
            +---------+---------+-------+---------+---------+-------
